 Dungeon Crawl Stone Soup version 0.31-a0-430-gf8416d752b (webtiles) character file.

Game seed: 1233142913718844494

306 Ethylacetat the Changeling (level 6, 0/42 HPs)
             Began as an Octopode Shapeshifter on July 31, 2023.
             Killed by divine providence
             ... invoked by an orc priest
              (14 damage)
             ... on level 4 of the Dungeon.
             The game lasted 00:03:23 (2304 turns).

Ethylacetat the Changeling (Octopode Shapeshifter)  Turns: 2304, Time: 00:03:25

Health: 0/42       AC:  1    Str: 14    XL:     6   Next: 39%
Magic:  6/6        EV: 13    Int: 11    God:
Gold:   144        SH:  0    Dex: 14    Spells: 5/5 levels left

rFire   + . .        s - +2 hand axe (venom)
rCold   . . .        (no shield)
rNeg    . . .        (helmet currently unavailable)
rPois   .            (no amulet)
rElec   .            n - ring of protection from fire
rCorr   .            (no ring)
SInv    .            (no ring)
Will    .....        (no ring)
Stlth   ++           (no ring)
HPRegen 0.27/turn    (no ring)
MPRegen 0.10/turn    (no ring)
                     (no ring)

%: no passive effects
@: beast-form
A: beast (slay +3), almost no armour, amphibious, 8 rings, camouflage 1,
gelatinous body 1, (nimble swimmer 1), tentacles
a: Begin Untransformation


You were on level 4 of the Dungeon.
You were a hulking beast.
You visited 2 branches of the dungeon, and saw 5 of its levels.

You collected 144 gold pieces.

Inventory:

Hand Weapons
 s - a +2 hand axe of venom (weapon)
Armour
 t - a +1 hat
Jewellery
 n - a ring of protection from fire (left tentacle)
Talismans
 b - a beast talisman (active)
Scrolls
 c - 2 scrolls of teleportation {unknown}
 d - a scroll of amnesia {unknown}
 g - a scroll of brand weapon {unknown}
 l - 2 scrolls of poison {unknown}
 m - 2 scrolls of noise {unknown}
 o - 2 scrolls of enchant weapon {unknown}
 p - a scroll of vulnerability {unknown}
 r - 3 scrolls of silence {unknown}
Potions
 a - 2 potions of lignification
 e - a potion of heal wounds {unknown}
 f - a potion of degeneration {unknown}
 h - a potion of haste {unknown}
 i - 2 potions of invisibility {unknown}
 j - a potion of attraction {unknown}
 k - a potion of enlightenment {unknown}
 q - 2 potions of might {unknown}


   Skills:
 + Level 3.1 Fighting
 - Level 2.0 Dodging
 + Level 4.3 Unarmed Combat
 * Level 4.7 Shapeshifting


You had 5 spell levels left.
You didn't know any spells.
Your spell library contained the following spells:

 Spells                   Type           Power      Damage    Failure   Level
 Foxfire                  Conj/Fire      0%         2x1d4     34%         1
 Hailstorm                Conj/Ice       0%         3d3       71%         3
 Animate Dead             Necr           0%         N/A       98%         4
 Summon Ice Beast         Ice/Summ       0%         N/A       98%         4
 Plasma Beam              Fire/Air       0%         2x1d10    100%        6
 Simulacrum               Ice/Necr       0%         N/A       100%        6
 Starburst                Conj/Fire      0%         6d3       100%        6
 Haunt                    Necr/Summ      0%         N/A       100%        7
 Infestation              Necr           0%         N/A       100%        8


Dungeon Overview and Level Annotations

Branches:
Dungeon (4/15)             Temple (1/1) D:4

Altars:
Elyvilon
Gozag
Kikubaaqudgha
Makhleb
Nemelex Xobeh
Okawaru
Qazlal
Sif Muna
Uskayaw
Vehumet
Wu Jian
Xom
Yredelemnul
Zin
The Shining One


Innate Abilities, Weirdness & Mutations

You are a hulking beast.
Your limbs bulge with bestial killing power. (Slay +3)
You cannot wear most types of armour.
You are amphibious.
You can wear up to eight rings at the same time.
Your skin changes colour to match your surroundings (Stealth+).
Your rubbery body absorbs attacks. (AC +1, EV +1)
((You are camouflaged when in or above water. (Stealth+)))
You have tentacles for arms and can constrict up to eight enemies at once.


Message History

You constrict the orc priest. The orc priest closely misses you.
You hit the orc priest.
The orc priest is poisoned.
You squeeze the orc priest!
You kill the orc priest!
Your Fighting skill increases to level 3!
You slash the orc wizard! Your grab misses the orc wizard.
The orc wizard is heavily wounded.
The orc wizard misses you.
You barely miss the orc wizard. You grab the orc wizard.
You squeeze the orc wizard, but do no damage.
The orc wizard is heavily wounded.
You constrict the orc wizard.
The orc wizard hits you with a +2 dagger of venom.
You are poisoned.
An orc priest comes into view. It is wielding a +0 short sword.
The orc wizard closely misses you.
You hit the orc wizard.
You kill the orc wizard!
You feel very sick. The orc barely misses you.
You hit the orc.
The orc is poisoned.
You grab the orc. Your squeeze misses the orc.
The orc is lightly wounded.
You constrict the orc.
You feel sick. The orc completely misses you.
You slash the orc!
You kill the orc!
You feel sick.
The orc throws a boomerang.
The boomerang completely misses you.
You hit the orc. Your grab misses the orc.
The orc is moderately wounded.
You feel sick. The orc misses you. The orc closely misses you.
You slash the orc!
You kill the orc!
You feel sick.
You slash the orc!
You kill the orc!
You feel sick.
You are no longer poisoned.
The orc throws a boomerang.
The boomerang barely misses you.
The orc priest calls down the wrath of Beogh upon you.
Beogh smites you!
You die...

.....♣ ≈≈ ?...~
~~ #...♣ ~~
#...♣♣~ .:..o ~
.o. ~ ≈ #)# ~♣PP
#h# ♣~~ ~
#.##P♣P~P
#.######...~~~P~
.....##..#~♣♣~~
#...$....~♣
#.#....###~~
#..........~
#.##..#######
#.##..####...


You could see an orc priest and an orc.

Vanquished Creatures
  A howler monkey (D:3)
  3 orc priests
  2 orc wizards
  4 adders
  2 worms
  A dart slug (D:1)
  13 orcs
  7 ball pythons
  2 endoplasms (D:1)
  3 giant cockroaches
  3 goblins
  2 hobgoblins
  7 jackals
  6 quokkas
  4 bats
  8 frilled lizards
  4 kobolds
  8 rats
80 creatures vanquished.

Notes
Turn   | Place    | Note
-------+----------+-------------------------------------------
     0 | D:1      | Ethylacetat the Octopode Shapeshifter began the quest for
                  | the Orb.
     0 | D:1      | Reached XP level 1. HP: 13/13 MP: 1/1
    47 | D:1      | Reached XP level 2. HP: 18/18 MP: 2/2
   556 | D:2      | Reached XP level 3. HP: 23/23 MP: 3/3
   979 | D:2      | Reached XP level 4. HP: 25/29 MP: 4/4
  1421 | D:3      | Reached XP level 5. HP: 23/35 MP: 5/5
  1999 | D:3      | Found a radiant altar of Vehumet.
  1999 | D:3      | Found an opulent altar of Gozag.
  2229 | D:4      | Found a staircase to the Ecumenical Temple.
  2232 | D:4      | Reached XP level 6. HP: 41/41 MP: 6/6
  2236 | Temple   | Entered the Ecumenical Temple
  2276 | D:4      | Found a white marble altar of Elyvilon.
  2280 | D:4      | Found a glowing silver altar of Zin.
  2281 | D:4      | Found a glowing golden altar of the Shining One.
  2304 | D:4      | Killed from afar by an orc priest

Illustrated notes

Levels and vault maps discovered:
D:1:      lemuel_arrival_funnel, layout_rooms
D:2:      layout_basic
D:3:      minmay_chambers_of_twos, layout_basic, gammafunk_temple_overflow_wave,
          kennysheep_generic_room_16
D:4:      layout_rooms, dreamdust_divine_triumvirate,
          nicolae_dithmenos_the_darkroom, minmay_temple_entry_proselytizer,
          minmay_misc_feat_nine_boxes, hangedman_decor_lopped,
          serial_bayou_lake_a
Temple:   eino_wide_crystal_templ

Skill      XL: |  1  2  3  4  5  6 |
---------------+-------------------+-----
Fighting       | 2 3 |  3.1
Shapeshifting  | 4 |  4.7
Unarmed Combat | 4 |  4.3
Dodging        | |  2.0

Action                     |  1- 3 |  4- 6 || total
---------------------------+-------+-------++-------
  Melee: Unarmed           |    60 |    65 ||   125
         Constrict         |    17 |    27 ||    44
         Punch             |     2 |     2 ||     4
         Tentacles         |    13 |    20 ||    33
         Hand axe          |       |    10 ||    10
   Stab: Sleeping          |     9 |     1 ||    10
 Armour: Skin              |     4 |     8 ||    12
  Dodge: Dodged            |    30 |    47 ||    77

Table legend: (Time is in decaauts)
 A = Elapsed time spent in this place.
 B = Non-inter-level travel time spent in this place.
 C = Inter-level travel time spent in this place.
 D = Time resting spent in this place.
 E = Time spent auto-exploring this place.
 F = Levels seen in this place.
 G = Mean time per level.
                   A        B        C        D        E       F      G
               +--------+--------+--------+--------+--------+-----+--------+
         Total |   2296 |   2255 |     41 |      0 |   1815 |   5 |  459.2 |
       Dungeon |   2268 |   2227 |     41 |      0 |   1815 |   4 |  567.0 |
        Temple |     27 |     27 |      0 |      0 |      0 |   1 |   27.0 |
               +--------+--------+--------+--------+--------+-----+--------+

Top non-repeatable levels by time:
     D:3: 970 daAuts
     D:2: 782 daAuts
     D:1: 467 daAuts
     D:4: 49 daAuts
  Temple: 27 daAuts
